 Dungeon Crawl Stone Soup version 0.25.1-1-g288607f5aa (webtiles) character file.

Game seed: 7968379829976712016

305 Delamore the Cudgeler (level 6, -5/37 HPs)
             Began as a Gargoyle Fighter on July 26, 2020.
             Was an Initiate of Okawaru.
             Killed by divine providence
             ... invoked by an orc priest
              (12 damage)
             ... on level 3 of the Dungeon.
             The game lasted 00:02:38 (2162 turns).

Delamore the Cudgeler (Gargoyle Fighter)            Turns: 2162, Time: 00:02:39

Health: -5/37      AC: 14    Str: 22    XL:     6   Next: 39%
Magic:  6/6        EV:  5    Int:  8    God:    Okawaru [......]
Gold:   164        SH:  9    Dex:  9    Spells: 5/5 levels left

rFire    . . .     SeeInvis .   r - +0 morningstar
rCold    . . .     Gourm    .   c - +0 kite shield
rNeg     + . .     Faith    .   m - +0 chain mail (curse)
rPois    ∞         Spirit   .   (no helmet)
rElec    +         Reflect  .   s - +0 cloak {rCorr}
rCorr    +         Harm     .   (no gloves)
MR       .....                  (no boots)
Stlth    ..........             (no amulet)
HPRegen  0.12/turn              (no ring)
MPRegen  0.10/turn              (no ring)

@: brilliant, flying
A: negative energy resistance 1, electricity resistance, unbreathing,
petrification resistance, rot immunity, AC +4
a: Renounce Religion


You were on level 3 of the Dungeon.
You worshipped Okawaru.
Okawaru was noncommittal.
You were not hungry.

You visited 1 branch of the dungeon, and saw 3 of its levels.

You collected 164 gold pieces.

Inventory:

Hand Weapons
 r - a +0 morningstar (weapon)
Armour
 c - a +0 kite shield (worn)
 m - a cursed +0 chain mail (worn)
 s - a +0 cloak of preservation (worn)
Scrolls
 h - a scroll of blinking {unknown}
 i - 2 scrolls of fog {unknown}
 o - 2 scrolls of enchant armour {unknown}
 p - a scroll of random uselessness {unknown}
 t - a scroll of identify {unknown}
 u - a scroll of teleportation {unknown}
 w - a scroll of enchant weapon {unknown}
 x - a scroll of fear {unknown}
Potions
 d - 2 potions of might
 e - a potion of heal wounds {unknown}
 g - 2 potions of brilliance
 j - a potion of flight
 l - a potion of haste {unknown}
 n - a potion of degeneration {unknown}
 q - a potion of curing {unknown}
Comestibles
 f - 8 rations
 v - 4 chunks of flesh


   Skills:
 - Level 3.2 Fighting
 + Level 6.6 Maces & Flails
 - Level 3.2 Armour
 - Level 3.2 Shields


You had 5 spell levels left.
You didn't know any spells.
Your spell library was empty.

Dungeon Overview and Level Annotations

Branches:
Dungeon (3/15)

Altars:
Okawaru
Sif Muna
Trog
Vehumet


Innate Abilities, Weirdness & Mutations

You are resistant to torment.
Your stone body is resilient. (AC +4)
You are immune to poison.
You resist negative energy. (rN+)
You are resistant to electric shocks. (rElec)
You can survive without breathing.
You are immune to petrification.
You are immune to rotting.


Message History

The adder zombie bites you.
* * * LOW HITPOINT WARNING * * *
Your shield prevents you from hitting the adder zombie.
You block the adder zombie's attack.
You hit the adder zombie but do no damage.
The adder zombie barely misses you.
The adder zombie bites you but does no damage.
The orc priest looks satisfied for a moment.
Your shield and chain mail prevent you from hitting the adder zombie.
The adder zombie bites you but does no damage.
It was a potion of brilliance.
You feel clever all of a sudden. You block the adder zombie's attack.
It was a potion of flight.
You feel very buoyant.
You fly up into the air.
The adder zombie bites you but does no damage.
The orc priest calls down the wrath of Beogh upon you.
Beogh smites you!
You die...

..# #.# #.... #.#
####.... ##.##
........
.#####(..#####
#....
......._.....+
+....
.#####...#####
#.[.. ##)##
#####oZ.. #.#
#.o.ooo.. #@#
#÷######.
######Z########.#
##
#.....o..o.o.o..#
#################


You could see an orc priest and an adder zombie.

Vanquished Creatures
  Sigmund (D:2)
  Crazy Yiuf (D:2)
  Natasha (D:2)
  2 hound skeletons (D:3)
  An adder (D:2)
  3 dart slugs
  A leopard gecko (D:3)
  5 orcs (D:3)
  4 bats
  4 giant cockroaches
  4 goblins
  5 hobgoblins
  4 frilled lizards (D:1)
  A jackal skeleton (D:3)
  A kobold (D:3)
  10 rats
  A plant (D:1)
49 creatures vanquished.

Notes
Turn   | Place    | Note
-------+----------+-------------------------------------------
     0 | D:1      | Delamore the Gargoyle Fighter began the quest for the Orb.
     0 | D:1      | Reached XP level 1. HP: 14/14 MP: 1/1
   391 | D:1      | Reached XP level 2. HP: 19/19 MP: 2/2
   510 | D:1      | Reached skill level 3 in Maces & Flails
   681 | D:1      | Reached XP level 3. HP: 23/23 MP: 3/3
  1253 | D:2      | Noticed Sigmund
  1265 | D:2      | Killed Sigmund
  1265 | D:2      | Reached skill level 5 in Maces & Flails
  1265 | D:2      | Reached XP level 4. HP: 17/28 MP: 4/4
  1265 | D:2      | Reached XP level 5. HP: 19/32 MP: 5/5
  1531 | D:2      | Found a radiant altar of Vehumet.
  1532 | D:2      | Found a bloodstained altar of Trog.
  1533 | D:2      | Found an iron altar of Okawaru.
  1538 | D:2      | Became a worshipper of Warmaster Okawaru
  1597 | D:2      | Noticed Natasha
  1612 | D:2      | Killed Natasha
  1612 | D:2      | Reached skill level 6 in Maces & Flails
  1612 | D:2      | Reached XP level 6. HP: 34/37 MP: 6/6
  1716 | D:2      | Found a runed translucent door.
  1717 | D:2      | Noticed Crazy Yiuf
  1879 | D:2      | Killed Crazy Yiuf
  2057 | D:3      | Found a shimmering blue altar of Sif Muna.
  2162 | D:3      | Killed from afar by an orc priest

Illustrated notes

Levels and vault maps discovered:
D:1:      kennysheep_arrival_forest, layout_loops_ring, serial_forest,
          infiniplex_forest_end_3, infiniplex_forest_lined_ring,
          infiniplex_forest_clump_diagonal, infiniplex_forest_corner_1,
          infiniplex_forest_3_way, infiniplex_forest_clump_C
D:2:      layout_basic, gammafunk_temple_overflow_claw, serial_bayou_ford_a,
          uniq_natasha, uniq_sigmund, uniq_crazy_yiuf_cottage
D:3:      layout_basic, nicolae_overflow_crystal_walls,
          overflow_temple_1_default, serial_undead, serial_undead_a,
          serial_undead_f, serial_undead_f, serial_undead_e, serial_undead_a,
          serial_undead_b, first_ration

Skill      XL: |  1  2  3  4  5 |
---------------+----------------+-----
Maces & Flails | 3 5 6 |  6.6
Fighting       | |  3.2
Armour         | |  3.2
Shields        | |  3.2

Action                   |  1- 3 |  4- 6 || total
-------------------------+-------+-------++-------
Melee: Flail             |   105 |     6 ||   111
       Morningstar       |       |   100 ||   100
  Use: Potion            |       |     2 ||     2
  Eat: Chunk             |     1 |     3 ||     4
Armor: Scale mail        |    26 |       ||    26
       Chain mail        |    22 |    75 ||    97
Dodge: Dodged            |    14 |    28 ||    42
Block: Kite shield       |    38 |    61 ||    99
